 Dungeon Crawl Stone Soup version 0.24.0-13-gcf9b3192b9 (webtiles) character file.

Game seed: 15507339965742899840, levelgen mode: deterministic

2863 EnegeticOcto the Cleaver (level 9, -8/78 HPs)
             Began as a Minotaur Fighter on Nov 10, 2019.
             Was a Believer of Makhleb.
             Mangled by an ice beast (9 damage)
             ... on level 7 of the Dungeon.
             The game lasted 00:04:22 (7182 turns).

EnegeticOcto the Cleaver (Minotaur Fighter)         Turns: 7182, Time: 00:04:23

Health: -8/78      AC: 12    Str: 24    XL:     9   Next: 47%
Magic:  4/4        EV:  8    Int:  5    God:    Makhleb [**....]
Gold:   460        SH: 11    Dex: 10    Spells: 8/8 levels left

rFire    . . .     SeeInvis .   k - +3 war axe (antimagic)
rCold    . . .     Gourm    .   c - +0 shield
rNeg     . . .     Faith    .   o - +0 chain mail
rPois    .         Spirit   .   (helmet restricted)
rElec    .         Reflect  .   (no cloak)
rCorr    .         Harm     .   d - +1 pair of gloves
MR       .....                  (no boots)
Stlth    ..........             (no amulet)
HPRegen  0.23/turn              (no ring)
MPRegen  0.09/turn              (no ring)

@: no status effects
A: retaliatory headbutt, horns 2
a: Minor Destruction, Renounce Religion


You were on level 7 of the Dungeon.
You worshipped Makhleb.
Makhleb was pleased with you.
You were not hungry.

You visited 2 branches of the dungeon, and saw 9 of its levels.

You collected 460 gold pieces.

Inventory:

Hand Weapons
 k - a +3 antimagic war axe (weapon)
Armour
 b - a +0 scale mail
 c - a +0 shield (worn)
 d - a +1 pair of gloves (worn)
 o - a +0 chain mail (worn)
Wands
 j - a wand of flame (26)
 n - a wand of enslavement (10)
 w - a wand of clouds (1)
Scrolls
 a - 5 scrolls of identify {@r1}
 i - 5 scrolls of teleportation {@r3}
 l - 3 scrolls of remove curse {@r2}
 p - a scroll of immolation
 s - a scroll of fog
 t - a scroll of amnesia {unknown}
Potions
 f - a potion of cancellation
 g - 2 potions of degeneration
 h - 2 potions of heal wounds {@q2}
 m - 6 potions of curing {@q1}
 q - a potion of haste {@q4}
 u - a potion of lignification {@q6}
Comestibles
 e - 14 rations
 r - 2 chunks of flesh


   Skills:
 + Level 6.6 Fighting
 * Level 8.6 Axes
 + Level 7.0 Armour
 + Level 5.0 Dodging
 + Level 6.8 Shields
 * Level 5.4 Invocations


You had 8 spell levels left.
You didn't know any spells.
Your spell library contained the following spells:

 Spells                   Type           Power        Failure   Level  Hunger
 Animate Skeleton         Necr           N/A          100%        1    ##.....
 Pain                     Necr           #...         100%        1    ##.....
 Regeneration             Chrm/Necr      #.........   100%        3    ####...
 Vampiric Draining        Necr           #.........   100%        3    ####...
 Animate Dead             Necr           N/A          100%        4    #####..


Dungeon Overview and Level Annotations

Branches:
Dungeon (8/15)             Temple (1/1) D:4
   Lair: D:8-11

Altars:
Ashenzari
Cheibriados
Dithmenos
Elyvilon
Fedhas
Gozag
Hepliaklqana
Kikubaaqudgha
Makhleb
Nemelex Xobeh
Okawaru
Qazlal
Ru
Sif Muna
Trog
Uskayaw
Vehumet
Wu Jian
Xom
Yredelemnul
Zin
The Shining One
Beogh

Annotations:
D:3 3 runed translucent doors, Crazy Yiuf; jytt13's ghost, amateur HOMo


Innate Abilities, Weirdness & Mutations

You reflexively headbutt those who attack you in melee.
You have a pair of horns on your head.


Message History

The orc warrior hits you with a +0 trident.
You closely miss the orc warrior.
The orc warrior is heavily wounded.
You hit the centaur zombie. You block the centaur zombie's attack.
The orc warrior hits you with a +0 trident.
You hit the orc warrior but do no damage.
Your headbutt misses the orc warrior.
The orc warrior is heavily wounded.
You hit the centaur zombie.
The centaur zombie hits you but does no damage.
You block the orc warrior's attack.
The centaur zombie hits you but does no damage.
An ice beast comes into view.
You barely miss the orc warrior.
You headbutt the orc warrior, but do no damage.
The orc warrior is heavily wounded.
You slash the centaur zombie! The centaur zombie hits you.
* * * LOW HITPOINT WARNING * * *
You block the orc warrior's attack. You block the centaur zombie's attack.
You hit the orc warrior but do no damage.
The orc warrior is heavily wounded.
You slash the centaur zombie! You block the orc warrior's attack.
The centaur zombie hits you.
* * * LOW HITPOINT WARNING * * *
You barely miss the orc warrior.
The orc warrior is heavily wounded.
You hit the centaur zombie.
You destroy the centaur zombie!
Makhleb accepts your kill.
You feel better.
The orc warrior hits you with a +0 trident!
* * * LOW HITPOINT WARNING * * *
You closely miss the orc warrior. Your headbutt misses the orc warrior.
The orc warrior is heavily wounded.
The orc warrior closely misses you.
A hound comes into view.
You closely miss the orc warrior.
The hound barks!
You headbutt the orc warrior!
The orc warrior is severely wounded.
You hear a shout! x2
You block the orc warrior's attack.
You hit the orc warrior. Your headbutt misses the orc warrior.
The orc warrior is almost dead.
You closely miss the hound. The hound bites you but does no damage.
You block the orc warrior's attack. The hound bites you but does no damage.
You block the ice beast's attack.
You closely miss the orc warrior.
You headbutt the orc warrior, but do no damage.
The orc warrior is almost dead.
You hit the ice beast but do no damage. You barely miss the hound.
You block the hound's attack. The orc warrior closely misses you.
The hound bites you but does no damage. The ice beast closely misses you.
You furiously retaliate!
You headbutt the ice beast. You hit the ice beast but do no damage.
The ice beast is lightly wounded.
You miss the hound. You hit the orc warrior.
You kill the orc warrior!
Makhleb accepts your kill.
Your Armour skill increases to level 7!
Your Dodging skill increases to level 5!
The hound bites you.
* * * LOW HITPOINT WARNING * * *
The ice beast hits you but does no damage.
The hound barely misses you. You furiously retaliate!
You headbutt the hound. You slash the ice beast! You headbutt the ice beast.
The ice beast is heavily wounded.
Your shield prevents you from hitting the hound.
You block the hound's attack. The ice beast hits you.
* * * LOW HITPOINT WARNING * * *
The ice beast freezes you!
* * * LOW HITPOINT WARNING * * *
You block the hound's attack.
A gnoll comes into view. It is wielding a +0 flail.
You hit the ice beast but do no damage.
The ice beast is heavily wounded.
You closely miss the hound.
The ice beast hits you but does no damage.
The hound bites you but does no damage.
A centaur comes into view.
The centaur shouts!
The hound bites you but does no damage. You block the hound's attack.
Things that are here:
a +0 dagger of flaming; a bullfrog corpse; an orc corpse
There is a stone staircase leading up here.
You block the ice beast's attack.
You climb upwards.
There is a stone staircase leading down here.
You closely miss the ice beast.
The ice beast is heavily wounded.
The ice beast hits you but does no damage.
You slash the ice beast! Your headbutt misses the ice beast.
The ice beast is severely wounded.
You block the ice beast's attack.
Your shield and chain mail prevent you from hitting the ice beast.
The ice beast is severely wounded.
The ice beast hits you.
* * * LOW HITPOINT WARNING * * *
The ice beast freezes you!
You die...

#.# #..#....#######.#.
#.# #..#...รท# #...#.#.
#.# #..#....# #...#.#.
#.# #..#....###...#.#.
#.# #..#......'...#.#.
###.# #..####.###...#.#.
#...# #.....(.......#.#.
###.# #.#####.####..#.#.
#.# #@Y...............
#.# ############..#.#.
#.# ############..#.#.
#.# #.............#.#.
#.# #........[....#.#.
#.# #.............#.#.
#.# #.............#.#.
#.# #.............#.#.
#.#####...............#.


You could see an ice beast.

Vanquished Creatures
  The ghost of erzklaus the Chopper, an amateur HOMo (D:4)
  Sigmund (D:6)
  A spriggan (D:7)
  3 yaks (D:6)
  A hungry ghost (D:7)
  2 orc warriors
  An eye of draining (D:3)
  An ice beast (D:7)
  A centaur (D:7)
  An ogre (D:4)
  2 bullfrogs
  3 scorpions
  A wyvern skeleton (D:7)
  A howler monkey (D:5)
  A centaur zombie (D:8)
  A crimson imp (D:4)
  A quasit (D:7)
  2 hounds
  2 bullfrog zombies
  5 orc priests
  3 orc wizards
  Jessica (D:3)
  4 worker ants
  Ijyb (D:4)
  Robin (D:4)
  7 adders
  2 shadow imps
  2 oozes
  3 worms
  2 dart slugs
  3 leopard geckos
  24 orcs
  7 giant cockroaches
  11 goblins
  13 hobgoblins
  4 jackals
  9 kobolds
  3 quokkas
  2 ball pythons
  6 bats
  7 frilled lizards
  A leopard gecko zombie (D:5)
  2 quokka zombies (D:7)
  6 rats
156 creatures vanquished.

Notes
Turn   | Place    | Note
-------+----------+-------------------------------------------
     0 | D:1      | EnegeticOcto the Minotaur Fighter began the quest for the
                  | Orb.
     0 | D:1      | Reached XP level 1. HP: 19/19 MP: 0/0
   378 | D:1      | Reached XP level 2. HP: 27/27 MP: 1/1
   446 | D:1      | Reached skill level 3 in Axes
   696 | D:1      | Reached skill level 1 in Dodging
   838 | D:1      | Reached XP level 3. HP: 33/33 MP: 2/2
  2402 | D:3      | Reached XP level 4. HP: 40/40 MP: 3/3
  2403 | D:3      | Noticed Jessica
  2419 | D:3      | Killed Jessica
  2509 | D:3      | Found a sparkling altar of Nemelex Xobeh.
  2788 | D:3      | Found a runed translucent door.
  2789 | D:3      | Noticed Crazy Yiuf
  2856 | D:3      | Found a large runed translucent door.
  2856 | D:3      | Found a large runed translucent door.
  2857 | D:3      | Noticed jytt13's ghost (amateur HOMo)
  2901 | D:3      | Found a bloodstained altar of Trog.
  2901 | D:3      | Noticed an eye of draining
  2909 | D:3      | Killed an eye of draining
  2909 | D:3      | Reached skill level 4 in Axes
  2909 | D:3      | Reached XP level 5. HP: 47/47 MP: 0/4
  3010 | D:4      | Noticed an ogre
  3016 | D:4      | Killed an ogre
  3016 | D:4      | Reached XP level 6. HP: 42/53 MP: 1/5
  3121 | D:4      | Reached skill level 5 in Axes
  3163 | D:4      | Noticed Ijyb
  3165 | D:4      | Killed Ijyb
  3495 | D:4      | Found a staircase to the Ecumenical Temple.
  3507 | Temple   | Entered the Ecumenical Temple
  3549 | Temple   | Became a worshipper of Makhleb the Destroyer
  3616 | D:4      | Noticed Robin
  3629 | D:4      | Killed Robin
  3846 | D:4      | Reached skill level 5 in Armour
  4054 | D:4      | Found a runed translucent gate.
  4055 | D:4      | Found a runed translucent gate.
  4055 | D:4      | Noticed erzklaus's ghost (amateur HOMo)
  4056 | D:4      | Found a runed translucent gate.
  4062 | D:4      | Found a roughly hewn altar of Beogh.
  4071 | D:4      | Reached skill level 5 in Shields
  4079 | D:4      | Reached skill level 1 in Invocations
  4083 | D:4      | Killed erzklaus's ghost
  4083 | D:4      | Reached skill level 5 in Fighting
  4083 | D:4      | Reached skill level 6 in Axes
  4083 | D:4      | Reached XP level 7. HP: 36/61 MP: 1/7
  4333 | D:5      | Entered Level 5 of the Dungeon
  4370 | D:5      | Reached * piety under Makhleb
  4948 | D:6      | Noticed a yak
  4948 | D:6      | Noticed a yak
  4948 | D:6      | Noticed a yak
  4961 | D:6      | Reached XP level 8. HP: 33/69 MP: 3/9
  4968 | D:6      | Reached skill level 7 in Axes
  5578 | D:6      | Noticed Sigmund
  5585 | D:6      | Killed Sigmund
  6069 | D:7      | Reached XP level 9. HP: 75/75 MP: 3/11
  6080 | D:7      | Reached skill level 8 in Axes
  6406 | D:7      | Reached ** piety under Makhleb
  6406 | D:7      | Reached skill level 5 in Invocations
  7172 | D:8      | Reached skill level 5 in Dodging
  7173 | D:8      | HP: 3/78 [ice beast (8)]
  7182 | D:7      | HP: 1/78 [ice beast (4)]
  7182 | D:7      | Mangled by an ice beast

Levels and vault maps discovered:
D:1:      dpeg_arrival_chase, layout_basic
D:2:      layout_basic, first_ration
D:3:      layout_basic, trog_eyes_of_draining, ebering_ghost_disaster_area,
          nemelex_xobeh_ov_fountains_minmay, uniq_crazy_yiuf_cottage,
          uniq_jessica
D:4:      layout_loops_ring, minmay_temple_entry_mini_moons,
          biasface_ghost_orc_armoury, uniq_ijyb, uniq_robin
D:5:      layout_basic
D:6:      layout_loops_ring, uniq_sigmund
D:7:      layout_basic, the_bakery, minivault_25, lemuel_flamethrower_1
D:8:      layout_rooms, serial_shops, kennysheep_little_box,
          palyth_stone_intersect, nicolae_transmutations_shop,
          fedhas_bush_and_centaur_altar
Temple:   nicolae_temple_the_god_donut

Skill      XL: |  1  2  3  4  5  6  7  8  9 |
---------------+----------------------------+-----
Axes           | 3 4 6 7 8 |  8.6
Dodging        | 1 2 3 4 5 |  5.0
Armour         | 4 5 6 7 |  7.0
Shields        | 4 5 6 |  6.8
Fighting       | 4 5 6 |  6.6
Invocations    | 2 4 5 |  5.4

Action                   |  1- 3 |  4- 6 |  7- 9 || total
-------------------------+-------+-------+-------++-------
Melee: War axe           |   106 |    98 |   184 ||   388
       Headbutt          |     9 |    11 |    27 ||    47
  Use: Potion            |       |     7 |     1 ||     8
       Scroll            |       |       |     9 ||     9
  Eat: Chunk             |     5 |     5 |     9 ||    19
       Ration            |       |       |     1 ||     1
Armor: Scale mail        |    41 |    27 |       ||    68
       Skin              |       |    10 |       ||    10
       Chain mail        |       |       |    85 ||    85
Dodge: Dodged            |    34 |    22 |    41 ||    97
Block: Shield            |    52 |    52 |   103 ||   207
